 Dungeon Crawl Stone Soup version 0.30-a0-377-g5cb311bc9f (webtiles) character file.

Game seed: 18006413369104149821

8250 qeuew the Blocker (level 11, -10/92 HPs)
             Began as a Formicid Fighter on Nov 30, 2022.
             Was a Believer of Ashenzari.
             Mangled by a death knight
             ... wielding a +0 battleaxe
              (26 damage)
             ... on level 9 of the Dungeon.
             The game lasted 00:11:25 (7406 turns).

qeuew the Blocker (Formicid Fighter)                Turns: 7406, Time: 00:11:25

Health: -10/92     AC: 13    Str: 23    XL:     11   Next: 52%
Magic:  11/11      EV: 12    Int:  8    God:    Ashenzari [**....]
Gold:   1812       SH: 14    Dex: 15    Spells: 10/10 levels left

rFire   . . .      SeeInvis +    a - +0 war axe of the Eternal Stars {protect, Self, Elem} (curse)
rCold   . . .      Faith    .    i - +2 kite shield
rNeg    . . .      Spirit   .    b - +1 scale mail
rPois   .          Reflect  .    (helmet unavailable)
rElec   .          Harm     .    p - scarf "Bound Annoyance" {repulsion, Melee, Self} (curse)
rCorr   +          Rampage  .    (no gloves)
Will    +....                    (no boots)
Stlth   ..........               w - amulet of regeneration
HPRegen 1.15/turn                o - ring of the Fated Regret {AC+4, Alch, Fort} (curse)
MPRegen 0.12/turn                d - ring of resist corrosion

@: repel missiles
A: permanent stasis, dig shafts and tunnels, antennae 3, four strong arms
a: Dig, Shaft Self, Renounce Religion, Curse Item, Shatter the Chains


You were on level 9 of the Dungeon.
You worshipped Ashenzari.
Ashenzari was pleased with you.
You visited 1 branch of the dungeon, and saw 9 of its levels.

You collected 1812 gold pieces.

Inventory:

Hand Weapons
 a - the cursed +0 war axe of the Eternal Stars (weapon) {protect, Self, Elem}

   It grants its wielder temporary protection when it strikes (+7 to AC).
   It has a curse which improves the following skills: Introspection: Fighting
   and Spellcasting.
   Elements:  Fire Magic, Ice Magic, Air Magic and Earth Magic.
 x - a +0 battleaxe of venom
Missiles
 n - 2 throwing nets
Armour
 b - a +1 scale mail (worn)
 i - a +2 kite shield (worn)
 p - the cursed scarf "Bound Annoyance" (worn) {repulsion, Melee, Self}
   (You found it on level 5 of the Dungeon)

   It has a curse which improves the following skills: Melee Combat: Short
   Blades, Long Blades, Axes, Maces & Flails, Polearms, Staves and Unarmed
   Combat.
   Introspection: Fighting and Spellcasting.
Jewellery
 d - a ring of resist corrosion (right hand)
 o - the cursed ring of the Fated Regret (left hand) {AC+4, Alch, Fort}
   (You found it on level 3 of the Dungeon)

   [ring of protection]

   AC:        It affects your AC (+4).
   It has a curse which improves the following skills: Alchemy: Poison Magic and
   Transmutations.
   Fortitude: Armour and Shields.
 w - an amulet of regeneration (around neck)
Wands
 e - a wand of polymorph (15) (quivered)
 j - a wand of quicksilver (4)
 q - a wand of roots (24)
 t - a wand of flame (33)
Scrolls
 g - 2 scrolls of fear
 h - 2 scrolls of magic mapping
 s - 3 scrolls of enchant armour
 u - 2 scrolls of enchant weapon
 v - a scroll of silence
Potions
 c - a potion of might
 f - a potion of resistance
 k - 2 potions of flight
 l - 3 potions of cancellation
 m - 2 potions of brilliance
 r - a potion of curing


   Skills:
 + Level 8.4(10.4) Fighting
 + Level 7.3(8.6) Axes
 + Level 8.4(9.7) Armour
 + Level 6.3 Dodging
 + Level 10.0(11.3) Shields
 + Level 7.4 Evocations


You had 10 spell levels left.
You didn't know any spells.
Your spell library contained the following spells:

 Spells                   Type           Power      Damage    Failure   Level
 Sandblast                Erth           0%         2d4       83%         1
 Slow                     Hex            0%         N/A       86%         1
 Summon Small Mammal      Summ           0%         N/A       86%         1
 Passwall                 Tmut/Erth      0%         N/A       93%         2
 Ensorcelled Hibernation  Hex/Ice        0%         N/A       94%         2
 Call Canine Familiar     Summ           0%         N/A       99%         3
 Confusing Touch          Hex            0%         N/A       99%         3
 Hailstorm                Conj/Ice       0%         3d3       99%         3
 Portal Projectile        Hex/Tloc       0%         N/A       99%         3
 Stone Arrow              Conj/Erth      0%         3d7       99%         3
 Summon Guardian Golem    Hex/Summ       0%         N/A       99%         3
 Tukima's Dance           Hex            0%         N/A       99%         3
 Vampiric Draining        Necr           0%         2d6       99%         3
 Ice Form                 Ice/Tmut       0%         N/A       100%        4
 Olgreb's Toxic Radiance  Pois           0%         N/A       100%        4
 Blade Hands              Tmut           0%         N/A       100%        5
 Simulacrum               Ice/Necr       0%         N/A       100%        6
 Ozocubu's Refrigeration  Ice            0%         4d7       100%        7
 Ignition                 Fire           0%         3d3       100%        8
 Swiftness                Air            Unusable   N/A       N/A         3

Dungeon Overview and Level Annotations

Branches:
Dungeon (9/15)             Temple (0/1) D:4             Orc (0/2) D:9
   Lair: D:8-11

Altars:
Ashenzari
Elyvilon
Fedhas
Hepliaklqana
Kikubaaqudgha
Makhleb
Wu Jian


Innate Abilities, Weirdness & Mutations

You cannot be hasted, slowed, berserked, paralysed or teleported.
You can dig through walls and to a lower floor.
You have a pair of large antennae on your head. (SInv)
Your four strong arms can wield two-handed weapons with a shield.


Message History

You completely miss the centaur warrior.
You barely miss the death knight. You block the death knight's attack.
The centaur warrior hits you but does no damage.
The centaur warrior closely misses you.
The death knight hits you with a +0 battleaxe!!
You are too injured to fight recklessly!
You are too injured to fight recklessly!
You are too injured to fight recklessly!
You are too injured to fight recklessly!
You are too injured to fight recklessly!
You are too injured to fight recklessly!
You are too injured to fight recklessly!
You are too injured to fight recklessly!
You are too injured to fight recklessly!
Unknown command.
The death knight attacks as you move away!
The death knight barely misses you.
The centaur warrior wields a +0 shortbow.
The centaur warrior shoots an arrow.
You block the arrow.
The centaur warrior shoots an arrow.
The arrow completely misses you.
The death knight attacks as you move away!
The death knight barely misses you.
The centaur warrior shoots an arrow.
The arrow is repelled.
Aiming: Polymorph
Press: ? - help, Q - select action, (/) - cycle Shift-Dir - straight line, f - death knight
Aim: a death knight, wielding a +0 battleaxe and wearing a +0 chain mail (will become a snapping turtle, a deep troll, or a dream sheep, chance to affect: 18%)
The death knight resists with almost no effort.
The death knight hits you with a +0 battleaxe!!
* * * LOW HITPOINT WARNING * * *
As you read the scroll of fear, it crumbles to dust.
You assume a fearsome visage.
The acid dragon looks frightened!
The death knight resists with some effort.
The wight is unaffected.
The centaur warrior looks frightened!
The death knight offers itself to Yredelemnul, and fills with unholy energy.
Unknown command.
The death knight attacks as you move away!
The death knight barely misses you.
The death knight attacks as you move away!
The death knight hits you with a +0 battleaxe!!
You die...

#)##.##.##..... ,,
,, **
#....)...'..... *
#.##.##.##.##.. ,,
*
########.#####.####
, ,*
#?..!##...####.# #
####.#####.##.##.#*
# , , ,
#.##.##.##)##.##..
*# *
#..†..........##..
..
#.##@##.##)##.##..
.. *
*#.##p#####.#### ..
* *{ {###...#
#....# ,* * { *
*##z## ###### ** *
.##.##.##/# * , ,
,!..........# ,, ,
{ #.##.##.##.# , *
*# #.# {# * , , ,,*
.c( , ,,,, ##


You could see a death knight (reflects damage) and a wight.

Vanquished Creatures
  2 two-headed ogres (D:9)
  A centaur warrior (D:9)
  A tengu warrior (D:9)
  A lindwurm (D:9)
  Pikel (D:5)
  A manticore (shapeshifter) (D:9)
  A gargoyle (D:9)
  2 kobold demonologists (D:6)
  A slime creature (D:9)
  A shadow (D:9)
  A wraith (D:9)
  A wyvern (D:9)
  Eustachio (D:6)
  A steam dragon (D:8)
  Duvessa (D:4)
  2 orc warriors (D:9)
  A sky beast (D:6)
  4 ogres
  A boggart (D:9)
  3 centaurs
  A phantom (D:4)
  2 lemures (D:5)
  5 bullfrogs
  A kobold brigand (D:7)
  A necrophage (D:7)
  A gnoll sergeant (D:4)
  3 scorpions
  4 wights (D:8)
  Dowan (D:4)
  5 killer bees
  4 orc priests
  2 hounds
  Jessica (D:2)
  2 iguanas
  7 orc wizards
  10 gnolls
  9 adders
  2 shadow imps
  A white imp (D:7)
  An ufetubus (D:4)
  A dart slug (D:1)
  30 orcs
  2 ball pythons
  5 endoplasms
  4 giant cockroaches
  4 goblins
  8 hobgoblins
  6 jackals
  A quokka (D:2)
  A bat (D:2)
  3 frilled lizards
  18 kobolds
  A rat (D:1)
175 creatures vanquished.

Vanquished Creatures (others)
  An orc wizard (D:4)
  11 fungi (D:7)
12 creatures vanquished.

Grand Total: 187 creatures vanquished

Notes
Turn   | Place    | Note
-------+----------+-------------------------------------------
     0 | D:1      | qeuew the Formicid Fighter began the quest for the Orb.
     0 | D:1      | Reached XP level 1. HP: 18/18 MP: 1/1
   280 | D:1      | Reached XP level 2. HP: 24/24 MP: 2/2
   321 | D:1      | Found a faded altar of an unknown god.
   334 | D:1      | Prayed at the altar of an unknown god.
   334 | D:1      | Became a worshipper of Ashenzari the Shackled
   815 | D:2      | Reached XP level 3. HP: 28/29 MP: 3/3
  1113 | D:2      | Reached skill level 1 in Dodging
  1147 | D:2      | Reached XP level 4. HP: 31/37 MP: 4/4
  1311 | D:2      | Noticed Jessica
  1318 | D:2      | Killed Jessica
  1319 | D:2      | Reached XP level 5. HP: 37/42 MP: 5/5
  1570 | D:3      | Found an ancient bone altar of Kikubaaqudgha.
  1978 | D:3      | Reached skill level 5 in Shields
  1984 | D:3      | Reached XP level 6. HP: 36/49 MP: 6/6
  2052 | D:3      | Reached skill level 1 in Evocations
  2273 | D:4      | Noticed an ogre
  2281 | D:4      | Killed an ogre
  2332 | D:4      | Found a staircase to the Ecumenical Temple.
  2356 | D:4      | Reached * piety under Ashenzari
  2356 | D:4      | Identified a scroll of acquirement
  2387 | D:4      | Noticed Duvessa
  2387 | D:4      | Noticed Dowan
  2401 | D:4      | Killed Dowan
  2402 | D:4      | Killed Duvessa
  2403 | D:4      | Reached XP level 7. HP: 29/56 MP: 7/7
  2783 | D:4      | Reached skill level 5 in Fighting
  2783 | D:4      | Reached skill level 5 in Armour
  2783 | D:4      | Reached skill level 6 in Shields
  2784 | D:4      | Reached XP level 8. HP: 63/64 MP: 8/8
  2991 | D:4      | HP: 2/64 [iguana (9)]
  3508 | D:4      | Acquired 1202 gold pieces
  3530 | D:5      | Entered Level 5 of the Dungeon
  3575 | D:5      | Noticed Pikel
  3593 | D:5      | HP: 3/64 [orc priest/divine providence (11)]
  3804 | D:5      | Killed Pikel
  3805 | D:5      | Reached XP level 9. HP: 41/71 MP: 9/9
  3826 | D:5      | Reached skill level 7 in Shields
  4036 | D:5      | Found a blossoming altar of Fedhas.
  4532 | D:6      | Reached skill level 5 in Axes
  4568 | D:6      | Reached ** piety under Ashenzari
  4784 | D:6      | Noticed a kobold demonologist
  4786 | D:6      | Noticed a kobold demonologist
  4793 | D:6      | Noticed a hellwing
  4794 | D:6      | Noticed a smoke demon
  4796 | D:6      | Noticed an orange demon
  4800 | D:6      | Noticed a soul eater
  4800 | D:6      | Killed a kobold demonologist
  4803 | D:6      | Killed a kobold demonologist
  4804 | D:6      | Reached skill level 5 in Evocations
  5045 | D:6      | Identified the +9 falchion of Doom {flame, Drain rF- Dex+4}
  5215 | D:6      | Found an ornate altar of the Wu Jian Council.
  5279 | D:6      | Noticed Eustachio
  5318 | D:6      | Killed Eustachio
  5648 | D:7      | Reached skill level 8 in Shields
  5765 | D:7      | Found a hazy altar of Hepliaklqana.
  5829 | D:7      | Reached XP level 10. HP: 57/82 MP: 10/10
  6198 | D:7      | Found a burning altar of Makhleb.
  6198 | D:7      | Noticed a cacodemon
  6389 | D:8      | Reached skill level 5 in Dodging
  6897 | D:9      | Found a staircase to the Orcish Mines.
  6952 | D:9      | Noticed a two-headed ogre
  6966 | D:9      | Killed a two-headed ogre
  6967 | D:9      | Reached skill level 9 in Shields
  7044 | D:9      | Found a white marble altar of Elyvilon.
  7097 | D:9      | Noticed a two-headed ogre
  7109 | D:9      | Killed a two-headed ogre
  7116 | D:9      | Reached XP level 11. HP: 66/90 MP: 11/11
  7152 | D:9      | Noticed a tengu warrior
  7154 | D:9      | Noticed a centaur warrior
  7172 | D:9      | Killed a centaur warrior
  7194 | D:9      | Killed a tengu warrior
  7268 | D:9      | Noticed a boulder beetle
  7293 | D:9      | a boulder beetle changed into a lindwurm
  7293 | D:9      | Noticed a lindwurm
  7296 | D:9      | Noticed a fire crab
  7308 | D:9      | a fire crab changed into a manticore
  7308 | D:9      | Noticed a manticore (shapeshifter)
  7311 | D:9      | Killed a manticore
  7312 | D:9      | Reached skill level 10 in Shields
  7316 | D:9      | HP: 1/91 [lindwurm (11)]
  7319 | D:9      | Killed a lindwurm
  7393 | D:9      | Noticed a centaur warrior
  7395 | D:9      | Identified the +8 war axe "Fuothaweh" {freeze, Stlth+}
  7396 | D:9      | Noticed a death knight
  7406 | D:9      | Mangled by a death knight

Illustrated notes

Levels and vault maps discovered:
D:1:      minmay_arrival_nine_rooms, layout_basic,
          hellmonk_ecumenical_altar_inner_sanctum
D:2:      layout_basic, minivault_24, uniq_jessica
D:3:      layout_loops_ring, kiku_gazebo_garden_becter,
          chequers_serial_rivers_micro_e
D:4:      layout_basic, minmay_temple_entry_from_below_a, uniq_duvessa
D:5:      layout_rooms, general_overflow_altar, uniq_pikel
D:6:      layout_cave_pods, kennysheep_mini_moat, uniq_eustachio
D:7:      layout_basic, makhleb_altar_promises_db, overflow_temple_1_default,
          dreamdust_mushroom_princess
D:8:      layout_cave_pools, grunt_ministairs_9
D:9:      hangedman_cross_veins, layout_cave_pools, elyvilon_altar_5,
          david_orc_2, serial_shops, shop, uniq_maurice

Skill      XL: |  1  2  3  4  5  6  7  8  9 10 11 |
---------------+----------------------------------+-----
Dodging        | 1 2 3 4 5 6 |  6.3
Fighting       | 4 5 6 7 8 |  8.4
Armour         | 4 5 6 7 8 |  8.4
Shields        | 5 6 8 9 10 | 10.0
Axes           | 3 4 5 6 7 |  7.3
Evocations     | 2 4 5 6 7 |  7.4

Action                   |  1- 3 |  4- 6 |  7- 9 | 10-12 || total
-------------------------+-------+-------+-------+-------++-------
Melee: War axe           |    65 |   105 |   270 |   277 ||   717
Invok: Curse Item        |       |     2 |     1 |       ||     3
Evoke: Wand              |       |       |       |     2 ||     2
  Use: Scroll            |       |     5 |     2 |     3 ||    10
       Potion            |       |     1 |     5 |     4 ||    10
Armor: Scale mail        |    35 |    60 |   185 |   181 ||   461
Dodge: Dodged            |    28 |    65 |   170 |   163 ||   426
       Repelled          |       |       |     2 |     1 ||     3
Block: Buckler           |    12 |    24 |    91 |       ||   127
       Kite shield       |       |       |    29 |   302 ||   331

Table legend: (Time is in decaauts)
 A = Elapsed time spent in this place.
 B = Non-inter-level travel time spent in this place.
 C = Inter-level travel time spent in this place.
 D = Time resting spent in this place.
 E = Time spent auto-exploring this place.
 F = Levels seen in this place.
 G = Mean time per level.
                   A        B        C        D        E       F      G
               +--------+--------+--------+--------+--------+-----+--------+
         Total |   7606 |   7290 |    316 |    177 |   5606 |   9 |  845.1 |
       Dungeon |   7606 |   7290 |    316 |    177 |   5606 |   9 |  845.1 |
               +--------+--------+--------+--------+--------+-----+--------+

Top non-repeatable levels by time:
     D:4: 1487 daAuts
     D:6: 1127 daAuts
     D:5: 830 daAuts
     D:1: 810 daAuts
     D:3: 767 daAuts
     D:2: 745 daAuts
     D:8: 680 daAuts
     D:7: 589 daAuts
     D:9: 567 daAuts
